 Dungeon Crawl Stone Soup version 0.31.0-12-g77e489cdc1 (webtiles) character file.

Game seed: 7562297180436311625

195 DildoBatman the Conjurer (level 6, 0/44 HPs)
             Began as a Formicid Conjurer on Feb 12, 2024.
             Slain by an orc
             ... wielding a +0 flail
              (4 damage)
             ... on level 4 of the Dungeon.
             The game lasted 00:07:47 (3154 turns).

DildoBatman the Conjurer (Formicid Conjurer)        Turns: 3154, Time: 00:07:48

Health: 0/44       AC:  7    Str: 15    XL:     6   Next: 4%
Magic:  10/10      EV: 13    Int: 14    God:
Gold:   171        SH:  0    Dex: 18    Spells: 8/11 levels left

rFire   . . .        t - +1 hand axe (freeze)
rCold   . . .        (no shield)
rNeg    + + .        y - +2 robe {Will+}
rPois   .            (helmet unavailable)
rElec   .            (no cloak)
rCorr   .            x - +2 pair of gloves
SInv    +            (no boots)
Will    ++...        v - amulet of the acrobat
Stlth   +++          u - ring of willpower
HPRegen 0.27/turn    w - ring of Soppamy {rN++ Str+3 Int-5 Dex+6}
MPRegen 0.12/turn

%: acrobat
@: no status effects
A: permanent stasis, dig shafts and tunnels, antennae 3, four strong arms
a: Dig, Shaft Self


You were on level 4 of the Dungeon.
You visited 1 branch of the dungeon, and saw 4 of its levels.

You collected 171 gold pieces.

Inventory:

Hand Weapons
 f - a +0 short sword
 t - a +1 hand axe of freezing (weapon)
Missiles
 e - 47 stones
 j - 6 curare-tipped darts
Armour
 x - a +2 pair of gloves (worn)
 y - a +2 robe of willpower (worn)
Jewellery
 u - a ring of willpower (left hand)
 v - an amulet of the acrobat (around neck)
 w - the ring of Soppamy (right hand) {rN++ Str+3 Int-5 Dex+6}
   (You found it on level 2 of the Dungeon)

   [ring of dexterity]

   Str+3:     It affects your strength (+3).
   Int-5:     It affects your intelligence (-5).
   Dex+6:     It affects your dexterity (+6).
   rN++:      It greatly protects you from negative energy.
 C - a ring of protection from fire
Scrolls
 a - a scroll of teleportation {unknown}
 d - 3 scrolls of noise {unknown}
 i - a scroll of enchant armour {unknown}
 k - a scroll of poison {unknown}
 n - 2 scrolls of fog
 r - a scroll of brand weapon {unknown}
 s - 2 scrolls of identify {unknown}
 A - a scroll of torment {unknown}
 B - a scroll of immolation {unknown}
Potions
 b - 2 potions of magic
 c - 2 potions of enlightenment {unknown}
 g - 2 potions of brilliance {unknown}
 h - a potion of attraction {unknown}
 l - 2 potions of curing {unknown}
 m - a potion of lignification {unknown}
 o - a potion of heal wounds {unknown}
 p - a potion of mutation {unknown}
 q - 3 potions of haste {unknown}
 z - a potion of degeneration {unknown}
 D - a potion of ambrosia {unknown}


   Skills:
 + Level 2.1 Fighting
 + Level 2.0 Armour
 + Level 2.6 Dodging
 + Level 3.7 Stealth
 + Level 3.0 Spellcasting
 + Level 4.1 Conjurations


You had 8 spell levels left.
You knew the following spells:

 Your Spells              Type           Power      Damage    Failure   Level
a - Searing Ray           Conj           26%        2d5       6%          2
c - Magic Dart            Conj           52%        1d5       3%          1

Your spell library contained the following spells:

 Spells                   Type           Power      Damage    Failure   Level
 Fulminant Prism          Conj/Alch      3%         3d5       65%         4
 Iskenderun's Mystic Bla  Conj/Tloc      7%         2d4       65%         4


Dungeon Overview and Level Annotations

Branches:
Dungeon (4/15)
 Temple: D:4-7

Altars:
Makhleb

Annotations:
D:3 exclusions: 3 orcs, orc wizard and 7 sensed monsters (detected)
D:4 Natasha


Innate Abilities, Weirdness & Mutations

You cannot be hasted, slowed, berserked, paralysed or teleported.
You can dig through walls and to a lower floor.
You have a pair of large antennae on your head. (SInv)
Your four strong arms can wield two-handed weapons with a shield.


Message History

t - Shout!
Orders for allies: a - Attack new target. r - Retreat! s - Stop attacking. g - Guard the area. f - Follow me.
Anything else - Cancel.
You shout for attention!
The quokka closely misses you.
The orc wizard hits you with a +0 dagger.
The orc completely misses you. What are your orders? t - Shout!
Orders for allies: a - Attack new target. r - Retreat! s - Stop attacking. g - Guard the area. f - Follow me.
Anything else - Cancel.
You shout for attention!
The quokka closely misses you. x2
The orc wizard barely misses you. The orc hits you with a +0 flail.
What are your orders? t - Shout!
Orders for allies: a - Attack new target. r - Retreat! s - Stop attacking. g - Guard the area. f - Follow me.
Anything else - Cancel.
You shout for attention!
The quokka bites you but does no damage.
The orc wizard barely misses you. The orc hits you with a +0 flail.
What are your orders? t - Shout!
Orders for allies: a - Attack new target. r - Retreat! s - Stop attacking. g - Guard the area. f - Follow me.
Anything else - Cancel.
You shout for attention!
The quokka misses you. The orc wizard closely misses you.
The orc hits you with a +0 flail.
You die...

#.#.##.............#
##.# #.#
#.#.##############.#
#..# #.# ###.#..
.....#.###..###.#
#...###
###.###.#....#...#
#.###
#.......#..###.###
###.# #.#.#####..<##.#
.##.# #.#.........##.#
.##.#
########.#####...#.##.#
.##.#
.......r@o...#.).#.##.#
.'..#
########o###.....#....#
.#### #oo{#..#########
.# #o#...# .# ,#.....#
.####### ,..#.#.#
........ ,#'# '#
........ ... . ........


You could see an orc wizard (invisible), 4 orcs and a quokka.

Vanquished Creatures
  A scorpion (D:4)
  A bombardier beetle (D:4)
  3 adders
  A shadow imp (D:3)
  A dart slug (D:2)
  2 ribbon worms (D:3)
  An orc (D:4)
  6 ball pythons
  7 endoplasms
  5 giant cockroaches
  3 goblins
  6 hobgoblins
  2 jackals (D:4)
  A quokka (D:2)
  5 bats
  2 frilled lizards (D:1)
  10 kobolds
  6 rats
63 creatures vanquished.

Notes
Turn   | Place    | Note
-------+----------+-------------------------------------------
     0 | D:1      | DildoBatman the Formicid Conjurer began the quest for the
                  | Orb.
     0 | D:1      | Reached XP level 1. HP: 13/13 MP: 3/3
   232 | D:1      | Reached XP level 2. HP: 20/20 MP: 3/5
   235 | D:1      | Learned a level 2 spell: Searing Ray
   626 | D:1      | Reached XP level 3. HP: 25/25 MP: 2/6
   628 | D:1      | Reached skill level 1 in Fighting
  1058 | D:2      | Found a faded altar of an unknown god.
  1479 | D:2      | Reached skill level 1 in Armour
  1479 | D:2      | Reached XP level 4. HP: 29/32 MP: 1/7
  1659 | D:2      | Identified the ring of Soppamy {rN++ Str+3 Int-5 Dex+6}
  2363 | D:3      | Reached skill level 4 in Conjurations
  2398 | D:3      | Found a burning altar of Makhleb.
  2710 | D:4      | Reached XP level 5. HP: 38/38 MP: 5/9
  2730 | D:4      | Noticed Natasha
  2910 | D:4      | Reached XP level 6. HP: 44/44 MP: 4/10
  3154 | D:4      | Slain by an orc

Illustrated notes

Levels and vault maps discovered:
D:1:      wheals_arrival_shading, layout_loops_ring
D:2:      layout_loops_corners, hellmonk_ecumenical_altar_slurped_away
D:3:      layout_rooms, tgw_sif, overflow_temple_1_default
D:4:      layout_basic, nicolae_uskayaw_dance_hall, uniq_natasha

Skill      XL: |  1  2  3  4  5  6 |
---------------+-------------------+-----
Dodging        | 2 |  2.6
Fighting       | 1 2 |  2.1
Stealth        | 3 |  3.7
Armour         | 1 2 |  2.0
Conjurations   | 4 |  4.1
Spellcasting   | 3 |  3.0

Action                     |  1- 3 |  4- 6 || total
---------------------------+-------+-------++-------
  Melee: Unarmed           |     5 |       ||     5
         Short sword       |    31 |       ||    31
         Hand axe          |       |    13 ||    13
         Punch             |       |     1 ||     1
   Cast: Magic Dart        |    55 |    33 ||    88
         Searing Ray       |     5 |     9 ||    14
    Use: Scroll            |       |     1 ||     1
   Stab: Sleeping          |     2 |     2 ||     4
 Armour: Robe              |    24 |    44 ||    68
  Dodge: Dodged            |    29 |    55 ||    84
